 Dungeon Sprint DCSS version 0.26-a0-707-g31817bcca1 (webtiles) character file.

Game seed: 17475694433601007597

14391 sahdkjhfkaj the Imperceptible (level 11, -21/47 HPs)
             Began as a Spriggan Enchanter on Oct 26, 2020.
             Was the Champion of Dithmenos.
             Demolished by a fire giant
             ... wielding a +2 great sword of flaming
              (30 damage)
             ... in the Dungeon (Sprint I: "Red Sonja").
             The game lasted 00:07:20 (2609 turns).

sahdkjhfkaj the Imperceptible (Spriggan Enchanter)  Turns: 2609, Time: 00:07:21

Health: -21/47     AC:  2    Str: 10    XL:     11   Next: 88%
Magic:  26/29      EV: 25    Int: 16    God:    Dithmenos [******]
Gold:   1052       SH:  0    Dex: 21    Spells: 31/37 levels left

rFire    . . .     SeeInvis +   a - +1 dagger
rCold    . . .     Faith    .   (shield restricted)
rNeg     . . .     Spirit   .   b - +0 robe
rPois    .         Reflect  .   (helmet restricted)
rElec    .         Harm     .   (no cloak)
rCorr    .         Rampage  .   (gloves unavailable)
MR       +....     NoTele   +   (boots unavailable)
Stlth    ++++++++++             (no amulet)
HPRegen  0.15/turn              e - +6 ring of strength
MPRegen  0.21/turn              (no ring)

@: wreathed by umbra, very quick
A: very small, unfitting armour, see invisible, speed 3
a: Shadow Step, Shadow Form, Renounce Religion


You were in the Dungeon.
You worshipped Dithmenos.
Dithmenos was exalted by your worship.
You visited 1 branch You collected 1052 gold pieces.

Inventory:

Hand Weapons
 a - a +1 dagger (weapon)
Armour
 b - a +0 robe (worn)
Jewellery
 e - a +6 ring of strength (left hand)
Scrolls
 h - a scroll of immolation {!r}
 i - a scroll of blinking {!r}
 k - 3 scrolls of remove curse {!r}
 m - a scroll of random uselessness {!r, unknown}
Potions
 c - a potion of lignification {!q, unknown}
 d - a potion of curing {!q}
 f - 4 potions of haste {!q}
 g - 2 potions of magic {!q}
 j - a potion of heal wounds {!q}
 l - a potion of berserk rage {!q}


   Skills:
 - Level 11.5 Short Blades
 + Level 8.3 Dodging
 * Level 26.0 Stealth
 + Level 13.9 Spellcasting
 * Level 18.7 Hexes


You had 31 spell levels left.
You knew the following spells:

 Your Spells              Type           Power        Failure   Level
a - Ensorcelled Hibernat  Hex/Ice        #####.       1%          2
c - Corona                Hex            ######.      0%          1
T - Confusing Touch       Hex            ######..     0%          3

Your spell library contained the following spells:

 Spells                   Type           Power        Failure   Level
 Tukima's Dance           Hex            ######..     0%          3
 Dazzling Flash           Conj/Hex       #####.       1%          3


Dungeon Overview and Level Annotations

Branches:
Dungeon (1/1)

Altars:
Cheibriados
Dithmenos
Elyvilon
Fedhas
Gozag
Hepliaklqana
Kikubaaqudgha
Makhleb
Nemelex Xobeh
Okawaru
Qazlal
Ru
Sif Muna
Trog
Uskayaw
Vehumet
Wu Jian
Xom
Yredelemnul
Zin
The Shining One
Jiyva
Lugonu

Shops:
D }(?!?=*?!((}(*[[(


Innate Abilities, Weirdness & Mutations

You are very small and have problems with some larger weapons.
You are too small for most types of armour.
You have supernaturally acute eyesight. (SInv)
You cover ground extremely quickly.


Message History

Your hands begin to glow red.
You hit the fire giant but do no damage.
The fire giant hits you with a +2 great sword of flaming!!
* * * LOW HITPOINT WARNING * * *
You emit a cloud of dark smoke.
The fire giant burns you.
* * * LOW HITPOINT WARNING * * *
You emit a cloud of dark smoke.
You hit the fire giant but do no damage.
The fire giant appears confused.
Your shadow hits the fire giant but does no damage.
You catch the helpless fire giant completely off-guard!
You skewer the fire giant like a kebab!!!
The fire giant is heavily wounded.
You hit the fire giant but do no damage.
The fire giant is heavily wounded.
Your shadow hits the fire giant with a dagger.
The fire giant cries.
The fire giant hits you with a +2 great sword of flaming!!
Ouch! That really hurt!
You die...

##############################
.#__#..'..[#[.#.@C§§...§§.'..#
.'^.'..#...##'#§####.§§§.##..+
'#__####[..'..#§# ##§§§######
[####(.#####..§§# ###'# $$##
.#≈§§.(#§.##+#### #§##$$$#
.§≈≈§§§'..# #..###$#
§#§≈§§(#§§# ##.#A#$#
'##'#####'### #..###$#
.#....###.'.# #.##..$#


You could see a fire giant (confused).

Vanquished Creatures
  A fire giant (D)
  A hydra (D)
  2 centaur warriors (D)
  Sonja (D)
  A deep troll (D)
  7 unseen horrors (D)
  A lindwurm (D)
  An oklob plant (D)
  2 kobold demonologists (D)
  4 demonic crawlers (D)
  2 hornets (D)
  A slime creature (D)
  2 redbacks (D)
  Sigmund (D)
  A yak (D)
  13 hogs (D)
  3 floating eyes (D)
  7 necrophages (D)
  An ogre (D)
  8 jellies (D)
  Ijyb (D)
61 creatures vanquished.

Vanquished Creatures (others)
  A fire giant (D)
  A gargoyle (D)
2 creatures vanquished.

Grand Total: 63 creatures vanquished

Notes
Turn   | Place    | Note
-------+----------+-------------------------------------------
     0 | D        | sahdkjhfkaj the Spriggan Enchanter began the quest for the
                  | Orb.
     0 | D        | Reached XP level 1. HP: 9/9 MP: 5/5
     1 | D        | Noticed Ijyb
    10 | D        | Killed Ijyb
    10 | D        | Reached skill level 9 in Stealth
    10 | D        | Reached XP level 2. HP: 8/13 MP: 6/6
   176 | D        | Learned a level 2 spell: Ensorcelled Hibernation
   176 | D        | Noticed an ogre
   200 | D        | Killed an ogre
   200 | D        | Reached skill level 14 in Stealth
   200 | D        | Reached XP level 3. HP: 16/16 MP: 1/8
   200 | D        | Reached XP level 4. HP: 21/21 MP: 1/9
   281 | D        | Noticed Sigmund
   284 | D        | Killed Sigmund
   284 | D        | Reached skill level 18 in Stealth
   284 | D        | Reached XP level 5. HP: 24/24 MP: 10/10
   296 | D        | Found an ornate altar of the Wu Jian Council.
   296 | D        | Found a shimmering blue altar of Sif Muna.
   298 | D        | Found a radiant altar of Vehumet.
   307 | D        | Reached XP level 6. HP: 18/28 MP: 2/11
   427 | D        | Found Ysurr's Antique Weapon Emporium.
   427 | D        | Found an ancient bone altar of Kikubaaqudgha.
   427 | D        | Found a hazy altar of Hepliaklqana.
   427 | D        | Found a stormy altar of Qazlal.
   427 | D        | Found a hide-covered altar of Uskayaw.
   427 | D        | Found a blossoming altar of Fedhas.
   427 | D        | Found a bloodstained altar of Trog.
   427 | D        | Found an iron altar of Okawaru.
   427 | D        | Found a basalt altar of Yredelemnul.
   427 | D        | Found a glowing golden altar of the Shining One.
   427 | D        | Found a snail-covered altar of Cheibriados.
   427 | D        | Found a sacrificial altar of Ru.
   427 | D        | Found a glowing silver altar of Zin.
   427 | D        | Found a shadowy altar of Dithmenos.
   427 | D        | Found a white marble altar of Elyvilon.
   427 | D        | Noticed a yak
   428 | D        | Found an opulent altar of Gozag.
   429 | D        | Killed a yak
   430 | D        | Found a sparkling altar of Nemelex Xobeh.
   436 | D        | Became a worshipper of Dithmenos the Shadowed
   469 | D        | Learned a level 3 spell: Confusing Touch
   469 | D        | Noticed Sonja
   473 | D        | Killed Sonja
   473 | D        | Reached skill level 19 in Stealth
   473 | D        | Reached skill level 10 in Hexes
   473 | D        | Reached XP level 7. HP: 32/32 MP: 14/18
   473 | D        | Reached XP level 8. HP: 36/36 MP: 14/19
   517 | D        | Found Kebbo's Gadget Boutique.
   537 | D        | Noticed a deep troll
   541 | D        | Killed a deep troll
   559 | D        | Found Ityn's Armour Emporium.
   597 | D        | Found a burning altar of Makhleb.
   597 | D        | Found a viscous altar of Jiyva.
   597 | D        | Found a shimmering altar of Xom.
   597 | D        | Found a corrupted altar of Lugonu.
   597 | D        | Noticed a slime creature
   600 | D        | Killed a slime creature
   600 | D        | Reached * piety under Dithmenos
   600 | D        | Reached skill level 20 in Stealth
   613 | D        | Noticed a kobold demonologist
   614 | D        | Noticed a kobold demonologist
   618 | D        | Killed a kobold demonologist
   618 | D        | Reached XP level 9. HP: 39/39 MP: 21/23
   620 | D        | Killed a kobold demonologist
   620 | D        | Reached ** piety under Dithmenos
   631 | D        | Noticed a demonic crawler
   631 | D        | Noticed a demonic crawler
   631 | D        | Noticed a demonic crawler
   631 | D        | Noticed a demonic crawler
   633 | D        | Killed a demonic crawler
   633 | D        | Reached skill level 21 in Stealth
   634 | D        | Killed a demonic crawler
  1035 | D        | Killed a gargoyle
  1146 | D        | Killed a demonic crawler
  1146 | D        | Reached skill level 10 in Spellcasting
  1241 | D        | Killed a demonic crawler
  1241 | D        | Reached *** piety under Dithmenos
  1556 | D        | Noticed a lindwurm
  1559 | D        | Killed a lindwurm
  1577 | D        | Reached skill level 22 in Stealth
  1577 | D        | Reached XP level 10. HP: 44/44 MP: 25/25
  1580 | D        | Reached **** piety under Dithmenos
  1585 | D        | Reached skill level 10 in Short Blades
  1586 | D        | Reached ***** piety under Dithmenos
  1586 | D        | Reached skill level 15 in Hexes
  1637 | D        | Noticed a centaur warrior
  1637 | D        | Noticed a centaur warrior
  1639 | D        | Killed a centaur warrior
  1639 | D        | Reached skill level 23 in Stealth
  1640 | D        | Killed a centaur warrior
  1664 | D        | Reached ****** piety under Dithmenos
  1675 | D        | Noticed an oklob plant
  1677 | D        | Killed an oklob plant
  1686 | D        | Reached XP level 11. HP: 47/47 MP: 28/28
  1706 | D        | Noticed an unseen horror
  1709 | D        | Noticed an unseen horror
  1713 | D        | Killed an unseen horror
  1713 | D        | Reached skill level 24 in Stealth
  1716 | D        | Killed an unseen horror
  1750 | D        | Upgraded the game from 0.26-a0-695-g987792ac36 to
                  | 0.26-a0-707-g31817bcca1
  1807 | D        | Found Hutzul's Distillery.
  1807 | D        | Found Disan's Magic Scroll Shop.
  1807 | D        | Found Biekkoob's Magic Scroll Boutique.
  1809 | D        | Found Mionakh's Jewellery Emporium.
  1809 | D        | Found Qadok's General Store.
  1809 | D        | Found Wengil's Magic Scroll Shoppe.
  1809 | D        | Found Agebbu's Distillery.
  1809 | D        | Found Zomo's Weapon Emporium.
  1809 | D        | Found Velugaas's Weapon Shop.
  1809 | D        | Found Xeaq's Gadget Shoppe.
  1810 | D        | Found Nabbah's Weapon Boutique.
  1811 | D        | Found Hoghaar's Armour Emporium.
  1811 | D        | Found Zytiuw's Assorted Antiques.
  1812 | D        | Found Nyneuq's Weapon Emporium.
  1879 | D        | Noticed a 12-headed hydra
  1881 | D        | Killed a 12-headed hydra
  1883 | D        | Reached skill level 5 in Dodging
  1897 | D        | Noticed a daeva
  1901 | D        | Noticed an unseen horror
  1901 | D        | Noticed an unseen horror
  1901 | D        | Noticed an unseen horror
  1901 | D        | Noticed an unseen horror
  1903 | D        | Killed an unseen horror
  1903 | D        | Reached skill level 25 in Stealth
  1904 | D        | Noticed an unseen horror
  1905 | D        | Killed an unseen horror
  1906 | D        | Killed an unseen horror
  1908 | D        | Killed an unseen horror
  1910 | D        | Killed an unseen horror
  2297 | D        | Noticed a fire giant
  2300 | D        | Noticed a fire giant
  2301 | D        | Noticed a fire giant
  2302 | D        | Noticed a fire giant
  2304 | D        | Killed a fire giant
  2497 | D        | Reached skill level 26 in Stealth
  2503 | D        | Killed a fire giant
  2609 | D        | Demolished by a fire giant

Illustrated notes

Levels and vault maps discovered:
D:        dungeon_sprint_1 [red_sonja_temple_1, red_sonja_temple_small_1]

Skill      XL: |  1  2  3  4  5  6  7  8  9 10 11 |
---------------+----------------------------------+-----
Stealth        | 9 14 18 19 20 22 23 26 | 26.0
Spellcasting   | 3 7 9 10 12 13 | 13.9
Hexes          | 4 10 12 14 16 18 | 18.7
Short Blades   | 6 8 9 11 | 11.5
Dodging        | 8 |  8.3

Action                   |  1- 3 |  4- 6 |  7- 9 | 10-12 || total
-------------------------+-------+-------+-------+-------++-------
Melee: Dagger            |     8 |     4 |    26 |    58 ||    96
 Cast: Ensorcelled Hiber |     3 |     2 |       |     4 ||     9
       Confusing Touch   |       |       |     3 |     2 ||     5
  Use: Potion            |     1 |       |     1 |       ||     2
       Scroll            |       |       |     2 |       ||     2
 Stab: Sleeping          |     2 |     4 |     9 |    43 ||    58
       Confused          |       |       |     3 |     2 ||     5
       Distracted        |       |       |     1 |       ||     1
Dodge: Dodged            |     4 |     1 |    19 |     8 ||    32

Table legend: (Time is in decaauts)
 A = Elapsed time spent in this place.
 B = Non-inter-level travel time spent in this place.
 C = Inter-level travel time spent in this place.
 D = Time resting spent in this place.
 E = Time spent auto-exploring this place.
 F = Levels seen in this place.
 G = Mean time per level.
                   A        B        C        D        E       F      G
               +--------+--------+--------+--------+--------+-----+--------+
         Total |   2306 |   2272 |     34 |   1683 |      0 |   1 | 2306.0 |
       Dungeon |   2306 |   2272 |     34 |   1683 |      0 |   1 | 2306.0 |
               +--------+--------+--------+--------+--------+-----+--------+

Top non-repeatable levels by time:
       D: 2306 daAuts
